 Dungeon Crawl Stone Soup version 0.21-a0-243-g597973d (webtiles) character file.

295 Jeffwins the Grave Robber (level 6, -3/41 HPs)
             Began as a Mummy Necromancer on Sept 4, 2017.
             Slain by a bullfrog (7 damage)
             ... in a sewer.
             The game lasted 00:09:01 (3645 turns).

Jeffwins the Grave Robber (Mummy Necromancer)       Turns: 3645, Time: 00:09:02

Health: -3/41      AC:  3    Str: 11    XL:     6   Next: 11%
Magic:  1/12       EV: 12    Int: 16    God:
Gold:   135        SH:  0    Dex: 13    Spells: 5/14 levels left

rFire    . . .     SeeInvis .   h - +0 whip
rCold    + + .     Gourm    .   (no shield)
rNeg     + + +     Faith    .   a - +1 robe
rPois    ∞         Spirit   .   (no helmet)
rElec    .         Reflect  .   i - scarf {rC+ rF+}
rCorr    .         Harm     .   (no gloves)
MR       .....                  (no boots)
Stlth    ++........             (no amulet)
HPRegen  0.13/turn              (no ring)
MPRegen  0.13/turn              (no ring)

@: no status effects
A: no food or potions, fire vulnerability, cold resistance 1, negative energy
resistance 3, torment resistance, unbreathing
a: no special abilities


You were in a sewer.
You were not hungry.

You visited 1 branch of the dungeon, and saw 3 of its levels.
You also visited: Sewer.

You collected 135 gold pieces.

Inventory:

Hand Weapons
 h - a +0 whip (weapon)
Missiles
 f - 64 stones (quivered)
Armour
 a - a +1 robe (worn)
 i - a scarf of resistance (worn)
Scrolls
 e - 4 scrolls of magic mapping {unknown}
 g - a scroll of fear
Books
 b - a book of Necromancy

   Spells                             Type                      Level
   a - Pain                           Necromancy                   1
   b - Animate Skeleton               Necromancy                   1
   c - Vampiric Draining              Necromancy                   3
   d - Regeneration                   Charms/Necromancy            3
   e - Animate Dead                   Necromancy                   4
   f - Control Undead                 Necromancy                   4
 j - a book of Misfortune

   Spells                             Type                      Level
   a - Confusing Touch                Hexes                        1
   b - Confuse                        Hexes                        3
   c - Gell's Gravitas                Translocation                3
   d - Petrify                        Transmutation/Earth          4
   e - Metabolic Englaciation         Hexes/Ice                    5
   f - Yara's Violent Unravelling     Hexes/Transmutation          5


   Skills:
 - Level 1.5 Dodging
 - Level 1.5 Stealth
 + Level 4.5 Spellcasting
 * Level 6.7 Necromancy


You had 5 spell levels left.
You knew the following spells:

 Your Spells              Type           Power        Failure   Level  Hunger
a - Pain                  Necr           ####         1%          1    N/A
b - Animate Dead          Necr           N/A          10%         4    N/A
c - Animate Skeleton      Necr           N/A          1%          1    N/A
d - Vampiric Draining     Necr           ####......   3%          3    N/A

Dungeon Overview and Level Annotations

Branches:
Dungeon (3/15)

Altars:


Innate Abilities, Weirdness & Mutations

You do not eat or drink.
Your flesh is vulnerable to fire.
You are immune to poison.
Your flesh is cold resistant. (rC+)
You are immune to negative energy. (rN+++)
You are immune to unholy pain and torment.
You can survive without breathing.


Message History

The bullfrog hits you but does no damage. x2
As you read the scroll labeled BURGHU LUGRUEPA, it crumbles to dust.
You assume a fearsome visage.
The frilled lizard looks frightened!
The bullfrog looks frightened!
The leopard gecko looks frightened!
The bullfrog looks frightened!
It was a scroll of fear.
Unknown command.
Cornered, the bullfrog turns to fight!
You enter the shallow water.
Moving in this stuff is going to be slow.
The bullfrog hits you.
* * * LOW HITPOINT WARNING * * *
The bullfrog hits you.
* * * LOW HITPOINT WARNING * * *
Casting: Vampiric Draining
Confirm with . or Enter, or press ? or * to list all spells.
Aiming: Pain
Press: ? - help, Shift-Dir - straight line, f - bullfrog
Aim: a bullfrog (moderately wounded, chance to defeat MR: 84%)
The bullfrog writhes in agony!
The bullfrog hits you!
You die...

#≈≈..%%.≈≈≈≈≈%%.#≈≈≈#
#≈≈≈≈.#######≈..##.≈#
#######≈###l.≈.≈##.≈≈#≈%#
#≈≈≈≈≈###≈†l†≈≈≈≈##≈≈#≈≈≈
#..≈≈≈#.≈.F.≈≈...≈#≈≈##≈.
#≈Z≈≈.#..##≈.≈$.≈≈##≈≈#≈≈
#≈≈#.≈#≈.#≈.≈($?.≈≈#%≈#≈≈
#..#≈≈#≈F#≈≈..!..≈≈#≈≈#≈≈
#≈≈#≈##≈@#≈.....≈≈≈#≈≈#≈≈
#≈.#%#≈≈≈#≈.≈≈≈.≈≈≈#..#≈≈
#%.#≈#∩≈≈# ≈.≈.≈≈≈ #≈≈#.≈
#≈.#≈#≈≈≈## ##.≈#≈≈
#.≈#≈###≈≈# #≈≈##≈≈
#.≈#.≈.#..## ##%≈#≈≈.
##.##≈≈#≈..## ##≈.≈#≈≈#
#.≈#≈≈##≈.≈#####≈≈≈##..#
#∩.#.≈≈#≈≈≈≈≈†≈.≈≈≈#≈≈≈#


You could see a bullfrog.

Vanquished Creatures
  A hound (D:3)
  5 adders
  16 oozes
  2 worms
  3 dart slugs
  13 leopard geckos
  3 orcs (D:3)
  11 giant cockroaches
  6 goblins
  7 hobgoblins
  8 jackals
  7 kobolds
  A quokka (D:2)
  14 ball pythons
  8 bats
  7 frilled lizards
  6 rats
118 creatures vanquished.

Vanquished Creatures (collateral kills)
  An adder (D:3)
  An ooze (Sewer)
  An orc (D:3)
  4 ball pythons
  A giant cockroach (Sewer)
8 creatures vanquished.

Grand Total: 126 creatures vanquished

Notes
Turn   | Place    | Note
-------+----------+-------------------------------------------
     0 | D:1      | Jeffwins the Mummy Necromancer began the quest for the Orb.
     0 | D:1      | Reached XP level 1. HP: 13/13 MP: 4/4
   140 | D:1      | Reached XP level 2. HP: 19/19 MP: 0/5
   808 | D:1      | Reached XP level 3. HP: 24/24 MP: 5/7
  1884 | D:2      | Reached skill level 5 in Necromancy
  2082 | D:2      | Reached XP level 4. HP: 30/30 MP: 3/9
  2092 | D:2      | Learned a level 4 spell: Animate Dead
  2417 | D:2      | Learned a level 1 spell: Animate Skeleton
  2535 | D:3      | Found a glowing drain.
  2544 | D:3      | Reached XP level 5. HP: 32/35 MP: 2/11
  2699 | Sewer    | Entered a sewer
  2706 | Sewer    | Reached skill level 6 in Necromancy
  2745 | Sewer    | Learned a level 3 spell: Vampiric Draining
  3415 | Sewer    | Reached XP level 6. HP: 41/41 MP: 1/12
  3645 | Sewer    | Slain by a bullfrog

Vault maps used:
D:1:      tarquinn_simple_flora_water_d, corexii_corridor_pit
D:3:      first_bread, cheibrodos_sewer_entry_drain
Sewer:    sewer_frog_island_02

Skill      XL: |  1  2  3  4  5 |
---------------+----------------+-----
Spellcasting   | 3 4 |  4.5
Necromancy     | 5 6 |  6.7
Dodging        | |  1.5
Stealth        | |  1.5

Action                   |  1- 3 |  4- 6 || total
-------------------------+-------+-------++-------
Melee: Unarmed           |    11 |       ||    11
       Whip              |    14 |    57 ||    71
       Club              |     1 |       ||     1
 Cast: Pain              |    92 |   144 ||   236
       Animate Skeleton  |       |    18 ||    18
       Vampiric Draining |       |     1 ||     1
  Use: Scroll            |       |     3 ||     3
 Stab: Distracted        |       |     2 ||     2
Armor: Robe              |    17 |    18 ||    35
Dodge: Dodged            |    50 |    82 ||   132

Table legend:
 A = Spawn XP
 B = Non-spawn XP
 C = Spawn XP percentage of total XP
 D = Spawn monster count
 E = Non-spawn monster count
 F = Spawn count percentage of total count
 G = Total turns spent on level
                    A         B        C        D         E        F      G
               +---------+---------+-------+---------+---------+-------+---------
         Total |      27 |     395 |   6.4 |       6 |     120 |   4.8 |  3645
               +---------+---------+-------+---------+---------+-------+---------
           D:1 |       5 |      45 |  10.0 |       3 |      23 |  11.5 |  1577
           D:2 |      22 |      62 |  26.2 |       3 |      25 |  10.7 |   923
           D:3 |       0 |      94 |   0.0 |       0 |      16 |   0.0 |   199
         Sewer |       0 |     194 |   0.0 |       0 |      56 |   0.0 |   946
               +---------+---------+-------+---------+---------+-------+---------
